 Dungeon Crawl Stone Soup version 0.21.1-1-g345015f (webtiles) character file.

586 nicolaieve the Cleaver (level 7, -3/61 HPs)
             Began as a Minotaur Berserker on July 12, 2018.
             Was a Priest of Trog.
             Killed by Freeze
             ... invoked by TotesWizzard's ghost
              (6 damage)
             ... on level 4 of the Dungeon.
             The game lasted 00:09:19 (2203 turns).

nicolaieve the Cleaver (Minotaur Berserker)         Turns: 2203, Time: 00:09:20

Health: -3/61      AC: 13    Str: 23    XL:     7   Next: 15%
Magic:  6/6        EV:  7    Int:  4    God:    Trog [***...]
Gold:   199        SH:  0    Dex: 10    Spells: 6/6 levels left

rFire    . . .     SeeInvis .   a - +0 hand axe
rCold    . . .     Gourm    .   (no shield)
rNeg     + . .     Faith    .   e - +0 plate armour
rPois    .         Spirit   .   (helmet restricted)
rElec    .         Reflect  .   (no cloak)
rCorr    +         Harm     .   (no gloves)
MR       ++...                  q - +0 pair of boots
Stlth    ..........             (no amulet)
HPRegen  1.20/turn              f - ring of resist corrosion
MPRegen  0.10/turn              j - ring of positive energy

@: lethally poisoned (-3 -> -7), berserk cooldown, regenerating, slowed, very
slow
A: retaliatory headbutt, horns 2
a: Berserk, Trog's Hand, Burn Spellbooks, Renounce Religion


You were on level 4 of the Dungeon.
You worshipped Trog.
Trog was most pleased with you.
You were very hungry.

You visited 1 branch of the dungeon, and saw 4 of its levels.

You collected 199 gold pieces.

Inventory:

Hand Weapons
 a - a +0 hand axe (weapon)
 l - a +0 war axe
 t - a +0 whip
Armour
 e - a +0 plate armour (worn)
 q - a +0 pair of boots (worn)
Jewellery
 f - a ring of resist corrosion (left hand)
 j - a ring of positive energy (right hand)
Scrolls
 b - a scroll of blinking {unknown}
 d - 2 scrolls of magic mapping {unknown}
 g - 4 scrolls of identify {unknown}
 h - 3 scrolls of remove curse {unknown}
 k - a scroll of noise {unknown}
 m - a scroll of immolation {unknown}
 s - a scroll of fear {unknown}
Potions
 n - a potion of haste {unknown}
 o - 2 potions of degeneration {unknown}
 p - a potion of invisibility {unknown}
 r - a potion of resistance {unknown}
Comestibles
 c - 8 rations
 i - 7 chunks of flesh


   Skills:
 + Level 5.1 Fighting
 * Level 8.2 Axes
 + Level 4.5 Armour
 - Level 2.5 Dodging


You had 6 spell levels left.
You didn't know any spells.

Dungeon Overview and Level Annotations

Branches:
Dungeon (4/15)
 Temple: D:4-7

Altars:
Dithmenos

Annotations:
D:4 TotesWizzard's ghost, novice DrIE


Innate Abilities, Weirdness & Mutations

You reflexively headbutt those who attack you in melee.
You have a pair of horns on your head.


Message History

TotesWizzard's ghost hits you but does no damage.
You are more poisoned.
TotesWizzard's ghost points at you and mumbles some strange words.
You are frozen.
* * * LOW HITPOINT WARNING * * *
Unknown command.
You hit TotesWizzard's ghost.
Your headbutt misses TotesWizzard's ghost.
TotesWizzard's ghost is lightly damaged.
You feel sick.
TotesWizzard's ghost hits you but does no damage.
You are lethally poisoned!
Unknown command.
You hit TotesWizzard's ghost but do no damage.
TotesWizzard's ghost is lightly damaged.
* * * LOW HITPOINT WARNING * * *
You feel sick.
TotesWizzard's ghost points at you and mumbles some strange words.
You are frozen.
You die...

..≈) # # # ..≈≈
#.##.§. ....
#.#§#§#§ ..#
.§§._§§§...#
#$#§#§#...#
#.§§#....#
##§#@....#
#.§/W...#
##.......#
#.........#
#.........#
#######...........
#.................
##.####...........
#.# #..........


You could see TotesWizzard's ghost.

Vanquished Creatures
  Grinder (D:4)
  The ghost of mechatronix the Skirmisher, an amateur MiMo (D:3)
  A scorpion (D:4)
  2 orc priests (D:3)
  2 orc wizards (D:3)
  A worker ant (D:3)
  3 adders
  4 worms
  4 dart slugs
  3 leopard geckos
  6 orcs (D:3)
  2 giant cockroaches
  6 goblins
  9 hobgoblins
  10 jackals (D:3)
  A ball python (D:3)
  5 bats
  3 frilled lizards
  8 kobolds
  5 rats
77 creatures vanquished.

Notes
Turn   | Place    | Note
-------+----------+-------------------------------------------
     0 | D:1      | nicolaieve the Minotaur Berserker began the quest for the Orb.
     0 | D:1      | Reached XP level 1. HP: 19/19 MP: 0/0
   150 | D:1      | Reached skill level 4 in Axes
   165 | D:1      | Reached XP level 2. HP: 18/27 MP: 1/1
   649 | D:1      | Reached ** piety under Trog
   649 | D:1      | Reached XP level 3. HP: 33/33 MP: 2/2
  1367 | D:3      | Reached skill level 5 in Axes
  1367 | D:3      | Reached XP level 4. HP: 40/40 MP: 3/3
  1390 | D:3      | Reached XP level 5. HP: 25/47 MP: 4/4
  1539 | D:3      | Noticed mechatronix's ghost (amateur MiMo)
  1540 | D:3      | Reached skill level 6 in Axes
  1547 | D:3      | Reached *** piety under Trog
  1549 | D:3      | Killed mechatronix's ghost
  1566 | D:3      | Reached XP level 6. HP: 41/53 MP: 5/5
  2018 | D:3      | Reached skill level 7 in Axes
  2088 | D:4      | Noticed TotesWizzard's ghost (novice DrIE)
  2102 | D:4      | Found the +8 demon blade "Bloodbane" {slice, *Rage +Rage Stlth-}
  2177 | D:4      | Found a shadowy altar of Dithmenos.
  2177 | D:4      | Noticed Grinder
  2179 | D:4      | Paralysed by Grinder for 5 turns
  2188 | D:4      | Paralysed by Grinder for 2 turns
  2201 | D:4      | Killed Grinder
  2201 | D:4      | Reached skill level 5 in Fighting
  2201 | D:4      | Reached skill level 8 in Axes
  2201 | D:4      | Reached XP level 7. HP: 19/61 MP: 6/6
  2201 | D:4      | HP: 3/61 [TotesWizzard's ghost/Freeze (15)]
  2203 | D:4      | Killed from afar by TotesWizzard's ghost

Skill      XL: |  1  2  3  4  5  6 |
---------------+-------------------+-----
Axes           | 4 5 6 8 |  8.2
Fighting       | 4 5 |  5.1
Armour         | 3 4 |  4.5
Dodging        | |  2.5

Action                   |  1- 3 |  4- 6 |  7- 9 || total
-------------------------+-------+-------+-------++-------
Melee: Hand axe          |   100 |   120 |     2 ||   222
       Headbutt          |    15 |    18 |       ||    33
Invok: Berserk           |       |     2 |       ||     2
       Trog's Hand       |       |     1 |       ||     1
  Eat: Chunk             |     1 |     4 |       ||     5
Armor: Animal skin       |     2 |       |       ||     2
       Plate armour      |    43 |    71 |     2 ||   116
Dodge: Dodged            |    42 |    49 |       ||    91
